 Dungeon Crawl Stone Soup version 0.21.0-24-g2553a33 (webtiles) character file.

2 Gorglomux the Sneak (level 1, -1/15 HPs)
             Began as a Naga Wanderer on Jan 19, 2018.
             Slain by a kobold
             ... wielding a +0 club
              (7 damage)
             ... on level 1 of the Dungeon.
             The game lasted 00:00:49 (41 turns).

Gorglomux the Sneak (Naga Wanderer)                   Turns: 41, Time: 00:00:50

Health: -1/15      AC:  1    Str: 14    XL:     1   Next: 30%
Magic:  3/3        EV:  9    Int: 12    God:
Gold:   0          SH:  0    Dex: 10    Spells: 4/4 levels left

rFire    . . .     SeeInvis +   e - +0 club
rCold    . . .     Gourm    .   (no shield)
rNeg     . . .     Faith    .   d - +0 robe
rPois    +         Spirit   .   (no helmet)
rElec    .         Reflect  .   (no cloak)
rCorr    .         Harm     .   (no gloves)
MR       .....                  (no barding)
Stlth    ++........             (no amulet)
HPRegen  0.05/turn              (no ring)
MPRegen  0.08/turn              (no ring)

@: short of breath, very slow
A: large, see invisible, deformed body, poison resistance, slowness 2, slow
metabolism 1, spit poison 1, AC +0
a: Spit Poison


You were on level 1 of the Dungeon.
You were not hungry.

You visited 1 branch of the dungeon, and saw 1 of its levels.

Inventory:

Hand Weapons
 e - a +0 club (weapon)
Armour
 d - a +0 robe (worn)
Potions
 c - a potion of lignification
 g - a potion of heal wounds {unknown}
Books
 a - a book of Spatial Translocations

   Spells                             Type                      Level
   a - Blink                          Translocation                2
   b - Shroud of Golubria             Charms/Translocation         2
   c - Lesser Beckoning               Translocation                3
   d - Gell's Gravitas                Translocation                3
   e - Teleport Other                 Translocation                3
   f - Passage of Golubria            Translocation                4
 b - the Catalogue of Battle Magic

   Spells                             Type                      Level
   a - Throw Frost                    Conjuration/Ice              2
   b - Throw Flame                    Conjuration/Fire             2
Comestibles
 f - a ration


   Skills:
 - Level 1.0 Throwing
 + Level 2.1 Stealth
 - Level 2.0 Spellcasting
   Level 1.0 Necromancy
   Level 2.0 Translocations
   Level 1.0 Transmutations
   Level 2.0 Fire Magic


You had 4 spell levels left.
You didn't know any spells.

Dungeon Overview and Level Annotations

Branches:
Dungeon (1/15)

Altars:


Innate Abilities, Weirdness & Mutations

You cannot wear boots.
Your serpentine skin is tough. (AC +0)
You have supernaturally acute eyesight. (SInv)
Armour fits poorly on your strangely shaped body.
Your system is resistant to poisons. (rPois)
You cover ground very slowly.
You have a slow metabolism.
You can spit poison.


Message History

The kobold butts you with a club!
You pound the kobold but do no damage! The kobold hits you with a club!
You beat the butt like a butt!
The kobold is moderately butt!
The kobold barely misses you!
You barely miss the kobold!
The kobold is butt-ly wounded!
The kobold hits you with a club! The kobold hits you but does no damage!
You are too injured to fight recklessly!!!
You are too injured to fight recklessly!!!
You closely miss the kobold!
The kobold is moderately wounded!
You have got your breath back!
The kobold barely misses you!
Press: ? - help, Shift-Dir - straight line, f/p - kobold
Aim: a butt, wielding a club (moderately wounded)
The butt of poison hits the kobold!
The kobold appears unharmed!
The kobold is moderately wounded!
You feel slightly more hungry! The kobold hits you with a club!!! butt

.$...##......#
.............#
.....##.....$###
..........)....#
######.###.##.# #.#
#.# # ##.###.##.####
#######..[##........
......K@.#...>..####
##########.###.##
#<..#..##.# .#
#..#.##.#.# ##
#.###≈§#.#≈..#
#..#.###.#.≈#§# ##.#
.....≈§ ## ###.##§§#
## ###


You could see a kobold.

Vanquished Creatures
  2 goblins (D:1)
2 creatures vanquished.

Notes
Turn   | Place    | Note
-------+----------+-------------------------------------------
     0 | D:1      | Gorglomux the Naga Wanderer began the quest for the Orb.
     0 | D:1      | Gorglomux set off with: a book of Spatial Translocations, the Catalogue of Battle Magic, a potion of lignification, a +0 robe, a +0 club, a ration
     0 | D:1      | Reached XP level 1. HP: 15/15 MP: 3/3
    26 | D:1      | Identified the Catalogue of Battle Magic
    41 | D:1      | Slain by a kobold

Skill      XL: |  1 |
---------------+----+-----
Stealth        | 2 |  2.1
Throwing       | |  1.0
Spellcasting   | |  2.0
Necromancy     | |  1.0
Translocations | |  2.0
Transmutations | |  1.0
Fire Magic     | |  2.0

Action                   || total
-------------------------++-------
Melee: Club              ||     4
 Abil: Spit Poison       ||     4
Dodge: Dodged            ||     2
